Map: Arctic Dream LE

Players

Spectre - Winner!

  • Race: Zerg Zerg
  • League: Diamond
  • Spawn Location: 5:00

ProtossAlinn - Winner!

  • Race: Protoss Protoss
  • League: Diamond
  • Spawn Location: 6:00

qqq

  • Race: Zerg Zerg
  • League: Platinum
  • Spawn Location: 12:00

Massa

  • Race: Terran Terran
  • League: Platinum
  • Spawn Location: 11:00

VOD

Have the link to the VOD?

Description

Time

  • Played on: Dec. 14, 2020, 12:31 p.m.
  • Length: 14:12
Show
View Real Time Build Order
Export as new Build Order

Spectre Zerg - Winner!

Build Orders: Pool First, Muta Ling Bane, Zergling Baneling 

Get SALT Encoding   

  12  0:02  Drone  
  13  0:09  Drone  
  14  0:17  Overlord  
  14  0:22  Extractor  
  14  0:23  Drone  
  15  0:36  Drone x2  
  17  0:46  Spawning Pool  
  16  0:52  Drone  
  17  1:11  Hatchery  
  16  1:16  Drone x2  
  18  1:20  Drone  
  18  1:22  Extractor  
  18  1:30  Drone  
  19  1:37  Queen  
  21  1:49  Overlord  
  21  1:56  Zergling x2  
  22  2:17  Queen  
  24  2:23  Metabolic Boost  
  24  2:25  Drone x4  
  28  2:32  Queen  
  30  2:51  Extractor  
  30  2:54  Hatchery  
  30  2:55  Baneling Nest  
  27  3:01  Zergling x6  
  30  3:08  Drone x2  
  32  3:16  Zergling x4  
  34  3:31  Drone x2  
  34  3:33  Overlord x2  
  36  3:41  Baneling x2  
  36  3:53  Baneling x3, Zergling x4  
  36  3:54  Drone x2  
  40  4:03  Drone x3  
  40  4:04  Drone  
  43  4:21  Lair  
  43  4:34  Zergling x6  
  43  4:35  Zergling x12  
  45  4:46  Zergling x6  
  45  4:49  Baneling  
  46  4:53  Baneling x4  
  46  4:55  Baneling x2  
  46  4:56  Baneling x2  
  43  5:21  Zergling x4  
  43  5:22  Zergling x12  
  43  5:35  Zergling x4  
  44  5:40  Centrifical Hooks  
  44  5:42  Baneling x6  
  44  5:43  Baneling x3  
  44  5:48  Hatchery  
  42  6:01  Zergling x6  
  42  6:02  Zergling x2  
  39  6:16  Drone  
  39  6:17  Drone x3  
  43  6:45  Extractor  
  42  6:47  Drone x2, Extractor  
  42  6:48  Hatchery, Overlord x3  
  42  6:49  Overlord x2  
  42  6:52  Baneling x2  
  42  6:53  Baneling x4  
  42  7:04  Spire  
  40  7:11  Drone x2  
  40  7:12  Drone x4  
  45  7:26  Baneling x4  
  45  7:27  Zergling x8  
  45  7:28  Zergling x4  
  50  7:35  Overlord  
  50  7:46  Queen  
  50  7:47  Queen  
  54  8:13  Zergling x8  
  54  8:14  Zergling x6  
  54  8:16  Drone x4  
  54  8:17  Drone x3  
  54  8:19  Extractor, Queen  
  69  8:21  Extractor  
  68  8:41  Mutalisk, Evolution Chamber, Zerg Flyer Weapons Level 1  
  68  8:42  Mutalisk x3  
  68  8:43  Evolution Chamber  
  72  8:48  Zergling x2  
  72  8:49  Zergling x4  
  75  9:08  Zergling x10  
  75  9:09  Zergling x6  
  72  9:19  Baneling  
  72  9:20  Baneling x4  
  72  9:21  Baneling x5  
  72  9:26  Drone x6  
  72  9:27  Drone x2  
  79  9:40  Spore Crawler  
  77  9:51  Mutalisk  
  79  9:57  Spore Crawler  
  79  9:58  Spore Crawler x2  
  75  10:00  Spore Crawler  
  75  10:05  Mutalisk x5  
  80  10:26  Zerg Missile Weapons Level 1, Zerg Ground Armor Level 1  
  80  10:29  Hydralisk Den  
  79  10:37  Infestation Pit  
  79  10:39  Zergling x2  
  79  10:40  Zergling x2  
  79  10:42  Hatchery  
  79  10:44  Hatchery  
  71  11:14  Zergling x8  
  66  11:39  Mutalisk x4  
  68  11:40  Hydralisk x2  
  68  11:42  Zerg Flyer Weapons Level 2  
  78  11:55  Mutalisk x3  
  78  11:56  Overlord  
  78  11:58  Hatchery  
  83  12:01  Muscular Augments  
  83  12:05  Drone x2  
  85  12:27  Overlord  
  85  12:30  Overlord x2  
  85  12:50  Mutalisk x4  
  85  12:51  Mutalisk x3  
  93  13:31  Mutalisk x4  
  93  13:32  Mutalisk  
  103  13:35  Baneling x2  
Show
View Real Time Build Order
Export as new Build Order

ProtossAlinn Protoss - Winner!

Build Orders: Zealot Archon 

Get SALT Encoding   

  12  0:00  Probe  
  13  0:12  Probe  
  14  0:19  Pylon  
  14  0:25  Probe (Chrono Boost)  
  15  0:37  Probe (Chrono Boost)  
  15  0:40  Gateway  
  16  0:46  Assimilator  
  16  0:48  Probe (Chrono Boost)  
  17  0:57  Probe  
  18  1:09  Probe (Chrono Boost)  
  19  1:11  Gateway  
  19  1:22  Probe (Chrono Boost)  
  20  1:27  Cybernetics Core  
  20  1:30  Probe (Chrono Boost)  
  21  1:37  Assimilator  
  21  1:39  Pylon  
  21  1:56  Probe  
  22  2:16  Nexus  
  22  2:20  Stalker (Chrono Boost)  
  24  2:25  Warp Gate  
  24  2:30  Twilight Council  
  24  2:36  Probe  
  25  2:41  Stalker  
  27  2:56  Shield Battery  
  27  2:58  Probe  
  28  3:02  Pylon  
  28  3:09  Charge  
  28  3:10  Probe  
  29  3:22  Probe  
  30  3:29  Gateway  
  30  3:32  Gateway  
  30  3:39  Probe (Chrono Boost)  
  32  3:44  Probe (Chrono Boost)  
  32  3:51  Probe (Chrono Boost)  
  32  3:52  Probe (Chrono Boost)  
  34  3:58  Forge  
  34  4:00  Probe  
  35  4:04  Probe  
  36  4:14  Sentry x2  
  40  4:21  Probe x2  
  42  4:27  Zealot  
  42  4:28  Gateway x2  
  44  4:35  Zealot  
  46  4:48  Zealot x3  
  42  5:01  Zealot  
  44  5:09  Zealot x3  
  50  5:26  Zealot  
  50  5:27  Zealot  
  42  5:36  Zealot  
  42  5:37  Zealot x3  
  42  5:49  Zealot x2  
  38  5:59  Zealot x4  
  42  6:07  Probe (Chrono Boost)  
  42  6:08  Probe (Chrono Boost)  
  42  6:10  Protoss Ground Weapons Level 1 (Chrono Boost)  
  44  6:18  Templar Archives  
  44  6:20  Probe (Chrono Boost)  
  44  6:22  Assimilator  
  44  6:24  Assimilator  
  46  6:25  Probe (Chrono Boost)  
  46  6:32  Probe (Chrono Boost), Pylon  
  47  6:45  Nexus  
  47  6:49  Robotics Facility  
  47  6:50  Pylon  
  47  6:55  Probe (Chrono Boost)  
  47  6:56  Probe (Chrono Boost)  
  49  7:05  Probe x2 (Chrono Boost)  
  49  7:06  Pylon  
  51  7:10  Probe (Chrono Boost)  
  51  7:12  High Templar x3  
  51  7:13  High Templar  
  51  7:14  High Templar  
  62  7:16  High Templar  
  64  7:23  Archon x2  
  64  7:24  Archon  
  64  7:26  Probe (Chrono Boost)  
  66  7:32  Probe (Chrono Boost)  
  66  7:36  Probe (Chrono Boost)  
  67  7:41  Forge  
  67  7:48  Gateway  
  67  7:49  Warp Prism (Chrono Boost), Sentry  
  69  7:51  Gateway  
  69  7:54  Gateway  
  69  7:58  Probe x3  
  74  8:08  Zealot  
  74  8:09  Zealot  
  74  8:11  High Templar  
  74  8:12  High Templar  
  82  8:18  Protoss Ground Weapons Level 2 (Chrono Boost)  
  82  8:27  Archon, Zealot  
  82  8:28  Zealot  
  82  8:29  Probe x2  
  82  8:33  Zealot  
  90  8:39  Probe  
  91  8:43  High Templar  
  91  8:48  Pylon  
  93  8:52  Photon Cannon x2  
  93  9:00  Pylon  
  93  9:02  Pylon  
  93  9:07  High Templar  
  95  9:11  Zealot x3  
  95  9:12  Archon, Assimilator  
  101  9:17  Assimilator  
  101  9:19  Stalker x3  
  101  9:20  Blink (Chrono Boost)  
  107  9:25  Probe x2  
  107  9:26  Probe  
  110  9:48  High Templar x2  
  110  9:49  Zealot  
  110  9:52  Archon  
  116  9:58  Pylon  
  116  9:59  Pylon, Stalker x2  
  105  10:23  High Templar  
  105  10:24  Zealot x3  
  105  10:25  Zealot  
  115  10:29  Stalker  
  117  10:38  Probe x2  
  119  10:50  Protoss Shields Level 1 (Chrono Boost)  
  81  11:25  Zealot x6  
  91  11:26  Zealot x3  
  94  11:53  Stalker x3  
  100  11:54  Stalker x2  
  100  11:55  Stalker x2  
  108  12:01  Zealot x2  
  112  12:16  Photon Cannon  
  112  12:23  Zealot x4  
  112  12:24  Zealot x4  
  122  12:44  High Templar x2  
  122  12:45  High Templar x2  
  122  12:46  High Templar  
  122  12:49  Archon x2  
  132  12:51  Archon  
  132  12:59  Pylon  
  132  13:00  Pylon  
  132  13:02  Pylon  
  110  13:40  Zealot x6  
  110  13:41  Zealot x3  
  112  14:05  Zealot x3  
  112  14:06  Zealot x3  
Show
View Real Time Build Order
Export as new Build Order

qqq Zerg 

Build Orders: Hatch First 

Get SALT Encoding   

  12  0:01  Drone  
  13  0:11  Drone  
  14  0:17  Overlord  
  14  0:44  Hatchery  
  14  0:47  Drone  
  14  0:53  Drone  
  14  0:55  Drone  
  16  1:00  Extractor  
  15  1:19  Spawning Pool  
  15  1:20  Drone  
  15  1:23  Drone  
  16  1:27  Drone  
  17  1:42  Drone x2  
  19  1:53  Drone  
  20  1:58  Extractor  
  20  2:00  Drone  
  21  2:14  Extractor  
  20  2:17  Drone  
  20  2:19  Overlord  
  20  2:21  Zergling x2  
  20  2:22  Queen  
  24  2:24  Metabolic Boost  
  24  2:29  Queen  
  26  2:40  Drone x3  
  26  2:42  Zergling x2  
  30  2:46  Zergling x2  
  30  2:51  Overlord  
  31  2:57  Zergling x2  
  32  2:58  Zergling x2  
  33  3:11  Zergling x2  
  33  3:12  Zergling x2  
  35  3:17  Lair  
  35  3:18  Zergling x2  
  35  3:19  Zergling x2  
  37  3:27  Zergling x2  
  37  3:33  Zergling x2  
  37  3:34  Zergling x2  
  40  3:40  Zergling x2  
  41  3:49  Hatchery  
  40  4:00  Overlord  
  40  4:01  Zergling x4  
  42  4:04  Zergling x2  
  43  4:13  Zergling x2  
  38  4:21  Zergling x6  
  38  4:22  Zergling x8  
  44  4:43  Zergling x2  
  44  4:44  Zergling x4  
  44  4:45  Zergling x2  
  46  4:59  Zergling x4  
  46  5:07  Burrow  
  46  5:15  Spire  
  45  5:26  Zergling x8  
  45  5:27  Zergling x6  
  46  5:35  Zergling x2  
  44  5:36  Zergling x8  
  46  5:49  Zergling x2  
  46  5:50  Zergling x6  
  46  5:51  Zergling x2  
  43  6:15  Extractor  
  43  6:17  Drone x2  
  43  6:18  Drone x6  
  49  6:25  Queen  
  52  6:28  Mutalisk  
  52  6:31  Mutalisk  
  52  6:32  Mutalisk  
  58  6:36  Extractor  
  58  6:37  Extractor  
  56  6:46  Drone x2  
  56  7:09  Hatchery  
  54  7:27  Mutalisk  
  53  7:30  Drone x4  
  57  7:44  Overlord x7  
  57  7:45  Overlord x2  
  57  8:04  Mutalisk x2  
  61  8:06  Drone x3  
  61  8:08  Overlord x3  
  61  8:09  Overlord  
  64  8:17  Infestation Pit  
  63  8:21  Mutalisk  
  65  8:29  Mutalisk  
  65  8:33  Drone x2  
  65  8:34  Drone x2  
  71  8:48  Mutalisk x2  
  71  8:50  Drone x3  
  69  9:17  Mutalisk x3  
  69  9:19  Drone x4  
  69  9:20  Drone x5  
  84  9:24  Extractor  
  84  9:25  Extractor, Spine Crawler  
  84  9:29  Overseer  
  81  9:32  Pneumatized Carapace  
  81  9:51  Drone x5  
  81  9:52  Drone x3  
  89  9:54  Hive  
  89  9:58  Evolution Chamber  
  88  10:01  Drone  
  88  10:02  Evolution Chamber  
  88  10:12  Drone x3  
  91  10:15  Spine Crawler  
  91  10:16  Spine Crawler  
  89  10:23  Hatchery  
  88  10:29  Zerg Melee Weapons Level 1, Zerg Ground Armor Level 1  
  88  10:33  Mutalisk x2  
  88  10:34  Mutalisk  
  94  10:39  Drone x3  
  94  10:40  Drone x5  
  96  11:15  Mutalisk x4  
  100  11:24  Greater Spire  
  100  11:25  Drone x6  
  102  11:27  Zergling x4  
  102  11:28  Zergling x4  
  96  11:52  Mutalisk x3  
  102  11:54  Drone x2  
  100  12:14  Hatchery  
  98  12:23  Drone x3  
  98  12:24  Extractor, Hatchery, Corruptor x3  
  105  12:36  Hatchery  
  94  12:45  Viper  
  94  12:48  Drone x2, Hatchery  
  94  13:28  Spore Crawler x2  
  89  13:38  Brood Lord  
  89  13:39  Spore Crawler  
  89  13:40  Drone  
  89  13:41  Corruptor x3  
Show
View Real Time Build Order
Export as new Build Order

Massa Terran 

Build Orders:  

Get SALT Encoding   

  12  0:00  SCV  
  13  0:12  SCV  
  14  0:17  Supply Depot  
  14  0:24  SCV  
  15  0:39  SCV  
  15  0:40  Barracks  
  16  0:48  Supply Depot  
  16  0:54  SCV  
  17  1:04  Barracks  
  17  1:06  SCV  
  18  1:14  Refinery  
  18  1:18  SCV  
  19  1:25  Barracks  
  19  1:30  SCV  
  20  1:36  Marine  
  21  1:42  SCV  
  22  1:51  Barracks Tech Lab  
  22  1:54  Marine  
  23  2:04  Orbital Command  
  23  2:07  Supply Depot  
  23  2:11  Marine  
  23  2:12  Marine x2  
  26  2:26  Stimpack  
  26  2:29  Marine  
  27  2:31  Marine x2  
  29  2:47  Marauder  
  29  2:49  Marine x2  
  33  2:53  Supply Depot  
  33  2:56  Supply Depot  
  33  3:07  Marine x2  
  33  3:09  Marauder  
  37  3:24  Marine  
  37  3:25  Marine  
  39  3:30  Marauder  
  41  3:40  Supply Depot  
  41  3:42  Marine  
  41  3:43  Marine  
  43  3:51  Marauder  
  45  4:00  Marine  
  45  4:01  Marine  
  47  4:11  Command Center  
  47  4:13  Marauder  
  49  4:18  Marine  
  49  4:19  Marine  
  51  4:34  Marauder  
  51  4:36  Marine  
  51  4:37  Marine  
  49  4:56  Marauder, Marine x2  
  53  5:14  Marine  
  53  5:18  Marauder  
  51  5:21  Marine  
  47  5:32  Marine  
  46  5:39  Marauder  
  46  5:41  Marine  
  49  5:49  Marine  
  44  5:59  Marine  
  44  6:00  Marauder  
  39  6:07  Marine  
  34  6:16  Orbital Command  
  34  6:17  SCV  
  35  6:19  Engineering Bay  
  35  6:22  Marauder, Marine  
  35  6:25  Marine  
  38  6:27  Factory x2  
  38  6:29  SCV  
  40  6:34  Refinery  
  40  6:41  Barracks Reactor  
  40  6:43  Marauder  
  42  6:51  Marine  
  42  6:52  Combat Shield  
  43  6:56  Command Center  
  43  7:03  SCV x2  
  43  7:04  Refinery, Marauder  
  47  7:09  Marine  
  47  7:15  SCV  
  49  7:27  Marine  
  50  7:34  Marauder  
  52  7:40  Barracks Tech Lab, Hellion  
  52  7:41  Hellion x2  
  58  7:44  Marine  
  59  7:51  Terran Infantry Weapons Level 1  
  59  7:54  Starport  
  59  7:56  Marauder  
  59  7:57  SCV x2  
  63  7:58  Refinery  
  63  8:02  Hellion x3, Marine  
  70  8:08  Missile Turret  
  70  8:09  SCV x2  
  70  8:11  Missile Turret  
  72  8:13  Orbital Command  
  72  8:21  SCV  
  73  8:27  Concussive Shells  
  73  8:29  Barracks Reactor, Barracks Tech Lab  
  73  8:32  Liberator  
  76  8:40  SCV x3  
  79  8:43  Infernal Pre-Igniter  
  79  8:45  Hellion  
  79  8:47  Hellion  
  83  8:50  Hellion  
  83  8:52  SCV x3  
  88  9:06  Hellion  
  88  9:22  Hellion x2  
  92  9:26  SCV  
  93  9:35  Supply Depot  
  93  9:37  Supply Depot  
  93  9:46  Terran Infantry Armor Level 1  
  93  9:56  SCV, Siege Tank  
  93  9:57  Hellion, Marauder  
  93  9:58  Starport Reactor  
  93  9:59  Widow Mine, SCV x2, Marauder, Marine  
  103  10:07  Marine  
  103  10:08  SCV  
  103  10:11  SCV x2  
  107  10:16  Marine  
  107  10:18  Marauder  
  107  10:21  SCV, Marauder  
  91  10:23  SCV x2  
  91  10:25  Marine  
  91  10:28  Barracks x2, Siege Tank  
  94  10:31  Refinery x2  
  97  10:38  Ghost Academy  
  97  10:39  Marauder  
  97  10:41  Ghost Academy  
  97  10:42  Marauder  
  101  10:48  Marine  
  99  10:51  Widow Mine  
  101  11:01  Marauder  
  101  11:03  Marauder  
  75  11:20  Marine  
  75  11:21  Marine  
  75  11:22  Marauder  
  75  11:25  Marauder  
  81  11:33  Siege Tank  
  81  11:34  Widow Mine  
  81  11:38  Marine  
  81  11:39  Marine  
  88  11:44  Marauder  
  88  11:46  Marauder  
  92  11:53  Widow Mine  
  94  11:56  Marine  
  94  11:57  Marine  
  94  11:58  Marine  
  94  11:59  Marine  
  98  12:03  SCV x2  
  98  12:04  SCV, Marine  
  98  12:05  Siege Tank  
  98  12:07  Ghost  
  107  12:09  Personal Cloaking  
  107  12:12  Enhanced Shockwaves  
  107  12:14  Marine x2  
  109  12:21  Barracks Reactor  
  109  12:23  Barracks Tech Lab  
  109  12:32  Supply Depot  
  109  12:33  Supply Depot x3  
  109  12:53  Ghost  
  109  12:54  SCV x2, Marine x3  
  109  12:57  Medivac x2, Supply Depot  
  120  12:59  Supply Depot  
  120  13:11  Widow Mine x2, Marine x2, Ghost  
  120  13:12  Widow Mine  
  128  13:22  Ghost  
  86  13:27  Medivac x2  
  86  13:29  Marine  
  86  13:33  Widow Mine x3  
  77  13:42  Marauder, Marine x2  
  77  13:43  Marauder  
  77  13:47  Marine  
Tags
 
Add a new tag
Caveats
  • Supply blocks, unpowered buildings, or Contaminate may cause inaccurate times.
  • Supply counts are checked every 10 seconds.